 Dungeon Crawl Stone Soup version 0.21.1-1-g345015f (webtiles) character file.

175 shakethe the Chopper (level 5, -6/46 HPs)
             Began as a Hill Orc Gladiator on Feb 26, 2018.
             Mangled by a revenant (15 damage)
             ... on level 1 of the Abyss.
             The game lasted 00:03:25 (2130 turns).

shakethe the Chopper (Hill Orc Gladiator)           Turns: 2130, Time: 00:03:26

Health: -6/46      AC:  6    Str: 20    XL:     5   Next: 55%
Magic:  5/5        EV: 11    Int:  9    God:
Gold:   99         SH:  6    Dex: 12    Spells: 4/4 levels left

rFire    . . .     SeeInvis .   a - +0 war axe
rCold    . . .     Gourm    .   j - +2 buckler
rNeg     . . .     Faith    .   b - +0 leather armour
rPois    .         Spirit   .   c - +0 helmet
rElec    .         Reflect  .   (no cloak)
rCorr    .         Harm     .   (no gloves)
MR       .....                  (no boots)
Stlth    +.........             (no amulet)
HPRegen  0.15/turn              r - +2 ring of protection
MPRegen  0.09/turn              q - +3 ring of strength

@: drained
A: no striking features
a: no special abilities


You were on level 1 of the Abyss.
You were hungry.

You visited 1 branch of the dungeon, and saw 2 of its levels.
You visited the Abyss 1 time.

You collected 99 gold pieces.

Inventory:

Hand Weapons
 a - a +0 war axe (weapon)
Missiles
 d - 2 throwing nets (quivered) {=f, !d}
Armour
 b - a +0 leather armour (worn)
 c - a +0 helmet (worn)
 j - a +2 buckler (worn)
   (You found it on level 1 of the Dungeon)
Jewellery
 q - a +3 ring of strength (right hand)
   (You found it on level 2 of the Dungeon)
 r - a +2 ring of protection (left hand)
   (You found it on level 2 of the Dungeon)
Scrolls
 e - a scroll of enchant weapon {unknown}
 f - a scroll of random uselessness {unknown}
 h - 2 scrolls of identify {unknown}
 i - 2 scrolls of remove curse {unknown}
 k - a scroll of magic mapping {unknown}
 m - a scroll of teleportation {unknown}
 n - a scroll of enchant armour {unknown}
Potions
 g - a potion of heal wounds {unknown}
 l - a potion of curing {unknown}
 o - 2 potions of invisibility {unknown}
 p - a potion of mutation {unknown}
Comestibles
 s - 6 chunks of flesh {@w0@w0}


   Skills:
 + Level 4.0(3.4) Fighting
 * Level 6.4(5.8) Axes
 - Level 1.7(1.2) Throwing
 - Level 2.4(1.8) Dodging
 + Level 2.3(1.7) Shields


You had 4 spell levels left.
You didn't know any spells.

Dungeon Overview and Level Annotations

Branches:
Dungeon (2/15)

Altars:

Annotations:
D:2 Crazy Yiuf


Message History

Okay, then.
r - a +2 ring of protection (left hand)
You feel stronger.
q - a +3 ring of strength (right hand) Firing (i - inventory): No suitable missiles.
Aim: an ogre, wielding a giant club
Okay, then.
Aim: an ogre, wielding a giant club You throw a throwing net {=f, !d}.
The throwing net {=f, !d} barely misses the ogre.
Aim: an ogre, wielding a giant club You throw a throwing net {=f, !d}.
The throwing net {=f, !d} closely misses the ogre.
The ogre barely misses you.
Aim: an ogre, wielding a giant club You throw a throwing net {=f, !d}.
The throwing net {=f, !d} hits the ogre.
The ogre is caught in the net!
You slash the ogre!
The ogre struggles against the net. x2
You hit the ogre.
The ogre struggles against the net.
You slash the ogre!
The ogre struggles against the net.
You barely miss the ogre.
The ogre struggles against the net.
You hit the ogre.
You kill the ogre!
Your Fighting skill increases to level 4!
Your Axes skill increases to level 6!
Your Shields skill increases to level 2!
You have reached level 5!
You feel stronger.
Health restored: 46; MP restored: 5
Things that are here:
a giant club; an ogre corpse
d - 2 throwing nets {=f, !d}
Things that are here:
a giant club; an ogre corpse There isn't anything here!
Things that are here:
a giant club; an ogre corpse You butcher the ogre corpse.
s - 6 chunks of flesh {@w0@w0} You see here a giant club.
A goblin comes into view. It is wielding a club.
You hit the goblin. The goblin misses you.
You barely miss the goblin. The goblin closely misses you.
You slice the goblin!!
You kill the goblin!
No target in view!
You see here a club.
You see here a club.
A rat comes into view.
You block the rat's attack.
You hit the rat.
You kill the rat!
No target in view!
No target in view!
Found a stone staircase leading down.
No target in view!
There is a stone staircase leading down here.
You see here a club.
No target in view!
No target in view!
No target in view!
You open the door.
Crazy Yiuf the Enlightened comes into view.
He is wielding a quarterstaff of chaos.
Crazy Yiuf shouts!
There is an open door here.
Crazy Yiuf yells, "Cod ladder sizzlefizz!"
Crazy Yiuf hits you with a quarterstaff of chaos!
You are slowing down.
You take 7 damage, and have 39/46 hp.
You barely miss Crazy Yiuf.
Crazy Yiuf hits you with a quarterstaff of chaos!
Your limbs have turned to stone.
Crazy Yiuf hits you with a quarterstaff of chaos.
You have turned to stone.
Crazy Yiuf hits you but does no damage.
Crazy Yiuf hits you with a quarterstaff of chaos!
You are cast into the Abyss!
To return, you must find a gate leading back.
Killing monsters will force the Abyss to allow you passage.
This branch contains the abyssal rune of Zot.
You turn to flesh and can move again.
Unknown command.
You take 10 damage, and have 29/46 hp.
MASSIVE DAMAGE!!
Unknown command.
There is an open door here.
A wretched star comes into view.
You are feeling hungry.
A revenant comes into view.
The revenant lashes out with ghostly flames.
The ghostly flame explodes!
The ghostly fireball engulfs you!
You feel drained.
Ouch! That really hurt!
* * * LOW HITPOINT WARNING * * *
The ghostly fireball engulfs the revenant.
The revenant completely resists.
You hear a shout!
You miss the revenant. The revenant hits you!
You die...

#.....####
#..#...# .#..
####..## ....
##...## ...
##.#..## ..#
#....... ..
... .#...###.#
.##.#.##.#.#.#
# ##....#..@#
######.##L#
#.# ..# ##.
..# # #.. ...
..#. .#..#


You could see a revenant.

Vanquished Creatures
  An ogre (D:2)
  4 adders (D:2)
  A worm (D:2)
  3 dart slugs
  A leopard gecko (D:2)
  7 bats
  2 giant cockroaches
  7 goblins
  4 hobgoblins
  2 jackals (D:2)
  A quokka (D:2)
  A ball python (D:2)
  4 frilled lizards
  4 kobolds
  5 rats
47 creatures vanquished.

Notes
Turn   | Place    | Note
-------+----------+-------------------------------------------
     0 | D:1      | shakethe the Hill Orc Gladiator began the quest for the Orb.
     0 | D:1      | Reached XP level 1. HP: 18/18 MP: 1/1
   149 | D:1      | Reached XP level 2. HP: 19/25 MP: 2/2
   767 | D:2      | Reached skill level 3 in Fighting
   859 | D:2      | Reached XP level 3. HP: 31/31 MP: 3/3
   935 | D:2      | Reached skill level 5 in Axes
  1069 | D:2      | Reached skill level 1 in Shields
  1129 | D:2      | Noticed an ogre
  1545 | D:2      | Reached XP level 4. HP: 23/38 MP: 4/4
  1882 | D:2      | Found a runed door.
  1938 | D:2      | Killed an ogre
  1938 | D:2      | Reached skill level 4 in Fighting
  1938 | D:2      | Reached skill level 6 in Axes
  1938 | D:2      | Reached skill level 2 in Shields
  1938 | D:2      | Reached XP level 5. HP: 46/46 MP: 5/5
  2067 | D:2      | Noticed Crazy Yiuf
  2072 | D:2      | Cast into level 1 of the Abyss (Crazy Yiuf)
  2090 | Abyss:1  | Noticed a wretched star
  2129 | Abyss:1  | Noticed a revenant
  2129 | Abyss:1  | HP: 9/46 [revenant/ghostly fireball (28)]
  2130 | Abyss:1  | Mangled by a revenant

Skill      XL: |  1  2  3  4 |
---------------+-------------+-----
Fighting       | 3 4 |  4.0
Axes           | 5 6 |  6.4
Shields        | 1 2 |  2.3
Throwing       | |  1.7
Dodging        | |  2.4

Action                   |  1- 3 |  4- 6 || total
-------------------------+-------+-------++-------
Melee: War axe           |    99 |    25 ||   124
Throw: Throwing net      |       |     3 ||     3
 Stab: Sleeping          |     1 |       ||     1
  Eat: Ration            |     1 |       ||     1
Armor: Leather armour    |    34 |     5 ||    39
Dodge: Dodged            |    61 |    14 ||    75
Block: Buckler           |    24 |    10 ||    34

Vault maps used:
D:1:      dpeg_arrival_shelter
D:2:      hangedman_decor_points, uniq_crazy_yiuf_cottage

Table legend:
 A = Turns spent in this place as a percentage of turns spent in the entire game.
 B = Non-inter-level travel turns spent in this place as a percentage of non-inter-level travel turns spent in the entire game.
 C = Inter-level travel turns spent in this place as a percentage of turns spent in this place.
 D = Turns resting spent in this place as a percentage of non-inter-level travel turns spent in this place.
 E = Turns spent auto-exploring this place as a percentage of non-inter-level travel turns spent in this place.
 F = Non-inter-level travel turns spent in this place divided by the number of levels of this place that you've seen.
                   A       B       C       D       E      F
               +-------+-------+-------+-------+-------+----------------------
         Total | 100.0 | 100.0 |   2.8 |  35.6 |  43.4 | 690.0
       Dungeon |  97.3 |  97.2 |   2.9 |  36.6 |  44.6 | 1006.0
         Abyss |   2.7 |   2.8 |   0.0 |   0.0 |   0.0 |  58.0
               +-------+-------+-------+-------+-------+----------------------

Table legend:
 A = Kills in this place as a percentage of kills in entire the game.
 B = Kills by you in this place as a percentage of kills by you in the entire game.
 C = Kills by friends in this place as a percentage of kills by friends in the entire game.
 D = Other kills in this place as a percentage of other kills in the entire game.
 E = Experience gained in this place as a percentage of experience gained in the entire game.
 F = Experience gained in this place divided by the number of levels of this place that you have seen.
                   A       B       C       D       E      F
               +-------+-------+-------+-------+-------+----------------------
         Total | 100.0 | 100.0 |   N/A |   N/A | 100.0 |  83.7
       Dungeon | 100.0 | 100.0 |   N/A |   N/A | 100.0 | 125.5
               +-------+-------+-------+-------+-------+----------------------
